 Dungeon Crawl Stone Soup version 0.30-a0-390-g80c34de65d (webtiles) character file.

Game seed: 13419476594891316418

18 vilhelmut the Shooter (level 2, 0/22 HPs)
             Began as a Human Hunter on Dec 4, 2022.
             Slain by an adder (3 damage)
             ... on level 2 of the Dungeon.
             The game lasted 00:09:14 (1043 turns).

vilhelmut the Shooter (Human Hunter)                Turns: 1043, Time: 00:09:15

Health: 0/22       AC:  3    Str: 11    XL:     2   Next: 90%
Magic:  11/11      EV: 12    Int:  9    God:
Gold:   14         SH:  0    Dex: 16    Spells: 1/1 levels left

rFire   . . .      SeeInvis .    e - +0 short sword
rCold   . . .      Faith    .    (no shield)
rNeg    + . .      Spirit   .    c - +0 leather armour
rPois   .          Reflect  .    (no helmet)
rElec   .          Harm     .    (no cloak)
rCorr   .          Rampage  .    (no gloves)
Will    .....                    (no boots)
Stlth   ++........               (no amulet)
HPRegen 0.23/turn                f - ring of positive energy
MPRegen 0.12/turn                i - ring of magical power

@: lethally poisoned (0 -> -6)
A: no striking features
a: no special abilities


You were on level 2 of the Dungeon.
You visited 1 branch of the dungeon, and saw 2 of its levels.

You collected 14 gold pieces.

Inventory:

Hand Weapons
 a - a +0 shortbow
 e - a +0 short sword (weapon)
Armour
 c - a +0 leather armour (worn)
Jewellery
 f - a ring of positive energy (left hand)
 i - a ring of magical power (right hand)
Scrolls
 b - a scroll of immolation
 d - a scroll of torment {unknown}
 g - a scroll of identify {unknown}
Potions
 h - a potion of curing {unknown}
 j - a potion of berserk rage {unknown}


   Skills:
 + Level 2.1 Fighting
 + Level 0.2 Short Blades
 * Level 4.3 Ranged Weapons
 + Level 0.1 Armour
 + Level 2.1 Dodging
 * Level 1.6 Stealth


You had one spell level left.
You didn't know any spells.
Your spell library was empty.

Dungeon Overview and Level Annotations

Branches:
Dungeon (2/15)

Altars:


Message History

i - a ring of magical power You feel your magic capacity increase.
i - a ring of magical power (right hand)
A ball python comes into view.
The ball python hisses angrily.
You hit the ball python.
You kill the ball python!
You see here a ball python corpse.
Magic restored.
There is a stone staircase leading down here.
You climb downwards.
Found an amethyst potion.
There is a stone staircase leading up here.
j - an amethyst potion An adder comes into view.
The adder hisses angrily.
The adder bites you.
You closely miss the adder. The adder bites you.
You are poisoned.
The adder poisons you!
You hit the adder.
The adder is moderately wounded.
You feel sick. The adder bites you.
You are more poisoned.
The adder poisons you!
You hit the adder but do no damage.
The adder is moderately wounded.
You feel sick. The adder bites you.
You are more poisoned.
The adder poisons you! The adder bites you.
You hit the adder but do no damage. Your punch misses the adder.
The adder is moderately wounded.
* * * LOW HITPOINT WARNING * * *
You feel very sick. The adder misses you.
You barely miss the adder.
The adder is moderately wounded.
* * * LOW HITPOINT WARNING * * *
You feel sick. The adder bites you.
You die...

### #.# ##########.#
#..........####
#.########....#
########.#........<#.#
......S@.#.........#.#
.#############.....#.#
#.#####.# #.......#
####..###### #.....#
#....## ######


You could see an adder.

Vanquished Creatures
  3 endoplasms (D:1)
  5 jackals (D:1)
  3 kobolds (D:1)
  A quokka (D:1)
  2 ball pythons (D:1)
  A bat (D:1)
  A frilled lizard (D:1)
16 creatures vanquished.

Notes
Turn   | Place    | Note
-------+----------+-------------------------------------------
     0 | D:1      | vilhelmut the Human Hunter began the quest for the Orb.
     0 | D:1      | Reached XP level 1. HP: 16/16 MP: 1/1
   270 | D:1      | Reached XP level 2. HP: 6/22 MP: 2/2
   750 | D:1      | Found a faded altar of an unknown god.
  1043 | D:2      | Slain by an adder

Illustrated notes

Levels and vault maps discovered:
D:1:      minmay_arrival_four_circles, layout_basic,
          shapermc_ecumenical_altar_venn, nrook_campfire
D:2:      layout_basic, serial_shops, nicolae_square_shop, basic_altar,
          minmay_joined_circles

Action                   || total
-------------------------++-------
Melee: Short sword       ||    71
       Punch             ||     1
 Fire: Shortbow          ||     4
Armor: Leather armour    ||    16
Dodge: Dodged            ||    47

Table legend: (Time is in decaauts)
 A = Elapsed time spent in this place.
 B = Non-inter-level travel time spent in this place.
 C = Inter-level travel time spent in this place.
 D = Time resting spent in this place.
 E = Time spent auto-exploring this place.
 F = Levels seen in this place.
 G = Mean time per level.
                   A        B        C        D        E       F      G
               +--------+--------+--------+--------+--------+-----+--------+
         Total |   1042 |    451 |    591 |    110 |      0 |   2 |  521.0 |
       Dungeon |   1042 |    451 |    591 |    110 |      0 |   2 |  521.0 |
               +--------+--------+--------+--------+--------+-----+--------+

Top non-repeatable levels by time:
     D:1: 1006 daAuts
     D:2: 35 daAuts
